Map: Central Protocol

Players

lesha

  • Race: Terran Terran

A.I. 1 (Elite) - Winner!

  • Race: Terran Terran

VOD

Have the link to the VOD?

Description

Time

  • Played on: Dec. 5, 2015, 7:27 a.m.
  • Length: 4:12
Show
View Real Time Build Order
Export as new Build Order

lesha Terran 

Build Orders:  

Get SALT Encoding   

  12  0:01  SCV  
  13  0:13  SCV  
  14  0:21  Supply Depot  
  14  0:25  SCV  
  15  0:43  SCV  
  15  0:44  Barracks  
  16  0:55  SCV  
  17  1:07  SCV  
  18  1:18  Command Center  
  18  1:19  SCV  
  20  1:38  Marine  
  21  1:42  Orbital Command  
  20  1:47  Refinery  
  20  1:51  Refinery  
  20  2:03  Marine  
  22  2:08  SCV  
  22  2:20  SCV  
  23  2:30  Marine  
  23  2:32  SCV  
  23  2:35  Supply Depot, Orbital Command  
  25  2:43  Bunker  
  25  2:48  Factory  
  25  2:50  SCV  
  26  3:02  SCV x2, Barracks Tech Lab  
  28  3:14  SCV x2  
  30  3:26  SCV x2, Barracks  
  32  3:31  Barracks  
  32  3:32  Factory Tech Lab  
  32  3:33  Starport  
  32  3:38  SCV x2  
  34  3:46  Supply Depot  
  34  3:50  SCV x2  
Show
View Real Time Build Order
Export as new Build Order

A.I. 1 (Elite) Terran - Winner!

Build Orders:  

Get SALT Encoding   

  12  0:00  SCV  
  13  0:13  SCV  
  14  0:18  Supply Depot  
  14  0:25  SCV  
  15  0:40  SCV  
  16  0:43  Barracks  
  16  0:46  Refinery  
  16  0:52  SCV  
  17  1:04  Barracks  
  17  1:05  SCV  
  18  1:17  SCV  
  19  1:30  Orbital Command  
  19  1:32  Marine  
  20  1:42  Barracks  
  20  1:50  Marine  
  20  1:51  Marine  
  22  2:00  Supply Depot  
  22  2:02  SCV  
  23  2:09  Barracks Tech Lab x2  
  23  2:21  SCV  
  24  2:27  Marine x2  
  24  2:29  Marine  
  27  2:32  Concussive Shells  
  27  2:39  Supply Depot  
  27  2:45  Marine x2  
  27  2:47  SCV, Marine  
  31  3:03  Marauder x2  
  31  3:05  Marine  
  36  3:08  Supply Depot  
  36  3:21  SCV  
  36  3:22  Marine  
  36  3:24  Marine  
  39  3:29  Supply Depot  
  39  3:30  Marine  
  40  3:38  SCV  
  40  3:40  Marine  
  42  3:42  Marauder  
  42  3:48  Marauder  
  46  3:52  Refinery  
Tags
 
Add a new tag
Caveats
  • Supply blocks, unpowered buildings, or Contaminate may cause inaccurate times.
  • Supply counts are checked every 10 seconds.